TOP OF THE 1ST |
Las Vegas 51s batting - Pitching for Iowa Cubs : RHP Willie Ramos
|
Pitching: RHP Willie Ramos
|
|
Batting: SHB Jason Larson
|
0-0: Foul Ball, location: 2F 0-1: Ground out U3 (Groundball, 34, EV 104.4 MPH)
|
Batting: LHB Adam Hairston
|
0-0: Called Strike 0-1: Foul Ball, location: 2F 0-2: Ball 1-2: SINGLE (Line Drive, 5D, EV 98.1 MPH)
|
Batting: RHB Josh Jones
|
0-0: Swinging Strike 0-1: Ball 1-1: Swinging Strike 1-2: Strikes out swinging
|
Batting: LHB Bill Armijo
|
0-0: Called Strike Adam Hairston steals 2nd base 0-1: Foul Ball, location: 2F 0-2: Ball 1-2: Fly out, F4 (Flyball, 4D, EV 90.0 MPH)
|
Top of the 1st over - 0 runs, 1 hit, 0 errors, 1 left on base; Las Vegas 0 - Iowa 0 |
BOTTOM OF THE 1ST |
Iowa Cubs batting - Pitching for Las Vegas 51s : RHP Andy Reinhardt
|
Pitching: RHP Andy Reinhardt
|
|
Batting: SHB Seung-ho Zhang
|
0-0: Ground out 4-3 (Groundball, 34D, EV 85.0 MPH)
|
Batting: LHB Sumiki Okuhara
|
0-0: Called Strike 0-1: Called Strike 0-2: Strikes out swinging
|
Batting: LHB Mark Ingram
|
0-0: Foul Ball, location: 2F 0-1: Ball 1-1: Ball 2-1: Foul Ball, location: 2F 2-2: Ball 3-2: Foul Ball, location: 2F 3-2: Base on Balls
|
Batting: RHB Ricardo Aguinaga
|
0-0: Called Strike 0-1: Foul Ball, location: 2F 0-2: Ball 1-2: Strikes out swinging
|
Bottom of the 1st over - 0 runs, 0 hits, 0 errors, 1 left on base; Las Vegas 0 - Iowa 0 |
TOP OF THE 2ND |
Las Vegas 51s batting - Pitching for Iowa Cubs : RHP Willie Ramos
|
Batting: RHB Ken Fitzpatrick
|
0-0: Ball 1-0: Reached on error, E9 (Flyball, 89S, EV 84.4 MPH)
|
Batting: SHB Nelson Powell
|
0-0: Called Strike 0-1: Ball Wild Pitch! Ken Fitzpatrick to second 1-1: Fly out, F7 (Line Drive, 7S, EV 93.1 MPH)
|
Batting: LHB Jose Chavez
|
0-0: Foul Ball, location: 2F 0-1: Ball 1-1: Ground out 1-3 (Groundball, 34S, EV 73.8 MPH) Ken Fitzpatrick to third
|
Batting: RHB Zhao-ying Joe
|
0-0: Swinging Strike 0-1: Foul Ball, location: 2F 0-2: Ball 1-2: Ball 2-2: SINGLE (Line Drive, 9S, EV 105.6 MPH) Ken Fitzpatrick scores
|
Batting: RHB Alex Vasquez
|
0-0: Called Strike 0-1: Foul Ball, location: 2F 0-2: Ball 1-2: Ball 2-2: Strikes out swinging
|
Top of the 2nd over - 1 run, 1 hit, 1 error, 1 left on base; Las Vegas 1 - Iowa 0 |
BOTTOM OF THE 2ND |
Iowa Cubs batting - Pitching for Las Vegas 51s : RHP Andy Reinhardt
|
Batting: SHB Gabriel Cruz
|
0-0: Called Strike 0-1: DOUBLE (Groundball, 5L, EV 101.2 MPH)
|
Batting: RHB Adam O'Hare
|
0-0: Called Strike 0-1: Called Strike 0-2: Ball 1-2: SINGLE (Flyball, 89S, EV 98.8 MPH) Gabriel Cruz to third Runner from 3rd tries for Home, SAFE, throw by CF to home
|
Batting: RHB Brian Gargis
|
0-0: Ball 1-0: Ball 2-0: Called Strike 2-1: Swinging Strike 2-2: Strikes out swinging
|
Batting: RHB Pat Barton
|
0-0: Called Strike 0-1: Foul Ball, location: 2F 0-2: Ball 1-2: Foul Ball, location: 2F 1-2: Ball 2-2: Strikes out swinging
|
Batting: RHB Adam Kelliher
|
0-0: Called Strike 0-1: Ball 1-1: Fly out, F7 (Line Drive, 7LS, EV 93.8 MPH)
|
Bottom of the 2nd over - 1 run, 2 hits, 0 errors, 1 left on base; Las Vegas 1 - Iowa 1 |
TOP OF THE 3RD |
Las Vegas 51s batting - Pitching for Iowa Cubs : RHP Willie Ramos
|
Batting: SHB Jason Larson
|
0-0: Foul Ball, location: 2F 0-1: Swinging Strike 0-2: Ball 1-2: Strikes out looking
|
Batting: LHB Adam Hairston
|
0-0: Swinging Strike 0-1: Foul Ball, location: 2F 0-2: Ball 1-2: Ball 2-2: Strikes out swinging
|
Batting: RHB Josh Jones
|
0-0: Ball 1-0: Foul Ball, location: 2F 1-1: Ball 2-1: Swinging Strike 2-2: Ball 3-2: Foul Ball, location: 2F 3-2: Base on Balls
|
Batting: LHB Bill Armijo
|
0-0: Ball Josh Jones steals 2nd base 1-0: Fly out, F8 (Flyball, 8LXD, EV 95.6 MPH)
|
Top of the 3rd over - 0 runs, 0 hits, 0 errors, 1 left on base; Las Vegas 1 - Iowa 1 |
BOTTOM OF THE 3RD |
Iowa Cubs batting - Pitching for Las Vegas 51s : RHP Andy Reinhardt
|
Batting: SHB Seung-ho Zhang
|
0-0: Called Strike 0-1: Swinging Strike 0-2: Ball 1-2: Strikes out swinging
|
Batting: LHB Sumiki Okuhara
|
0-0: Ball 1-0: Ball 2-0: Called Strike 2-1: Swinging Strike 2-2: Ball 3-2: SINGLE (Groundball, 4MD, EV 106.2 MPH)
|
Batting: LHB Mark Ingram
|
0-0: Grounds into double play, 4-6-3 (Groundball, 4, EV 93.1 MPH)
|
Bottom of the 3rd over - 0 runs, 1 hit, 0 errors, 0 left on base; Las Vegas 1 - Iowa 1 |
TOP OF THE 4TH |
Las Vegas 51s batting - Pitching for Iowa Cubs : RHP Willie Ramos
|
Batting: RHB Ken Fitzpatrick
|
0-0: Ball 1-0: Swinging Strike 1-1: Foul Ball, location: 2F 1-2: Ball 2-2: Ground out 6-3 (Groundball, P, EV 85.6 MPH)
|
Batting: SHB Nelson Powell
|
0-0: Ball 1-0: SINGLE (Groundball, 6MD, EV 103.1 MPH)
|
Batting: LHB Jose Chavez
|
0-0: Ball 1-0: Foul Ball, location: 2F 1-1: Foul Ball, location: 2F 1-2: Ball 2-2: Fly out, F7 (Line Drive, 7S, EV 104.4 MPH)
|
Batting: RHB Zhao-ying Joe
|
0-0: Ball 1-0: Ball Nelson Powell steals 2nd, throwing error, E2 Nelson Powell to third 2-0: Fly out, F6 (Popup, 4MD, EV 46.2 MPH)
|
Top of the 4th over - 0 runs, 1 hit, 1 error, 1 left on base; Las Vegas 1 - Iowa 1 |
BOTTOM OF THE 4TH |
Iowa Cubs batting - Pitching for Las Vegas 51s : RHP Andy Reinhardt
|
Batting: RHB Ricardo Aguinaga
|
0-0: Ball 1-0: Ball 2-0: Swinging Strike 2-1: Swinging Strike 2-2: Foul Ball, location: 2F 2-2: Ball 3-2: Foul Ball, location: 2F 3-2: Base on Balls
|
Batting: SHB Gabriel Cruz
|
0-0: Ball 1-0: Called Strike 1-1: Swinging Strike 1-2: Strikes out swinging
|
Batting: RHB Adam O'Hare
|
0-0: Called Strike 0-1: Ball 1-1: Called Strike 1-2: Ball 2-2: Foul Ball, location: 2F 2-2: Fly out, F9 (Line Drive, 9, EV 93.1 MPH)
|
Batting: RHB Brian Gargis
|
0-0: Called Strike 0-1: Called Strike 0-2: Fly out, F7 (Flyball, 78M, EV 73.8 MPH)
|
Bottom of the 4th over - 0 runs, 0 hits, 0 errors, 1 left on base; Las Vegas 1 - Iowa 1 |
TOP OF THE 5TH |
Las Vegas 51s batting - Pitching for Iowa Cubs : RHP Willie Ramos
|
Batting: RHB Alex Vasquez
|
0-0: Ball 1-0: Called Strike 1-1: Swinging Strike 1-2: Ball 2-2: Ball 3-2: Reached on error, E1 (Groundball, 15S, EV 72.5 MPH)
|
Batting: SHB Jason Larson
|
0-0: Called Strike 0-1: Ball 1-1: Ball 2-1: Ground out 5-3 (Groundball, 15, EV 92.5 MPH)
|
Batting: LHB Adam Hairston
|
0-0: Ball 1-0: Swinging Strike 1-1: Called Strike 1-2: Ball 2-2: Foul Ball, location: 2F 2-2: Strikes out swinging
|
Batting: RHB Josh Jones
|
0-0: Ball 1-0: Ground out 4-3 (Groundball, 34, EV 101.2 MPH)
|
Top of the 5th over - 0 runs, 0 hits, 1 error, 1 left on base; Las Vegas 1 - Iowa 1 |
BOTTOM OF THE 5TH |
Iowa Cubs batting - Pitching for Las Vegas 51s : RHP Andy Reinhardt
|
Batting: RHB Pat Barton
|
0-0: Foul Ball, location: 2F 0-1: Ball 1-1: Ball 2-1: Foul Ball, location: 2F 2-2: Foul Ball, location: 2F 2-2: Foul Ball, location: 2F 2-2: SINGLE (Groundball, 4D, EV 94.4 MPH)
|
Batting: RHB Adam Kelliher
|
0-0: Foul Ball, location: 2F 0-1: Fly out, F7 (Line Drive, 7S, EV 90.0 MPH)
|
Batting: SHB Seung-ho Zhang
|
0-0: Called Strike 0-1: Ball 1-1: Swinging Strike 1-2: SINGLE (Groundball, 25, EV 63.1 MPH) (infield hit) Pat Barton to second
|
Batting: LHB Sumiki Okuhara
|
0-0: Called Strike 0-1: Ball 1-1: Swinging Strike 1-2: DOUBLE (Line Drive, 7LS, EV 111.9 MPH) Pat Barton scores Seung-ho Zhang to third
|
Batting: LHB Mark Ingram
|
0-0: Ball 1-0: Foul Ball, location: 2F 1-1: Foul Ball, location: 2F 1-2: DOUBLE (Flyball, 89D, EV 100.6 MPH) Seung-ho Zhang scores Sumiki Okuhara scores
|
Batting: RHB Ricardo Aguinaga
|
0-0: Ball 1-0: Called Strike 1-1: Called Strike 1-2: Fly out, F7 (Line Drive, 7, EV 86.9 MPH)
|
Batting: SHB Gabriel Cruz
|
0-0: Called Strike 0-1: Ball 1-1: Ball 2-1: Ball 3-1: Foul Ball, location: 2F 3-2: Foul Ball, location: 2F 3-2: Base on Balls
|
Batting: RHB Adam O'Hare
|
0-0: Ball 1-0: Fielders Choice at 2nd, 5-4 (Groundball, 5, EV 83.1 MPH)
|
Bottom of the 5th over - 3 runs, 4 hits, 0 errors, 2 left on base; Las Vegas 1 - Iowa 4 |
TOP OF THE 6TH |
Las Vegas 51s batting - Pitching for Iowa Cubs : RHP Willie Ramos
|
Batting: LHB Bill Armijo
|
0-0: Foul Ball, location: 2F 0-1: Foul Ball, location: 2F 0-2: Ball 1-2: Fly out, F9 (Flyball, 9, EV 84.4 MPH)
|
Batting: RHB Ken Fitzpatrick
|
0-0: Swinging Strike 0-1: SOLO HOME RUN (Flyball, 7D, EV 98.1 MPH), Distance : 396 ft
|
Pitching: RHP Jose Ramirez
|
|
Batting: SHB Nelson Powell
|
0-0: Ball 1-0: Ground out 6-3 (Groundball, 6M, EV 106.2 MPH)
|
Batting: LHB Jose Chavez
|
0-0: Ball 1-0: Ball 2-0: Foul Ball, location: 2F 2-1: Foul Ball, location: 2F 2-2: Strikes out swinging
|
Top of the 6th over - 1 run, 1 hit, 0 errors, 0 left on base; Las Vegas 2 - Iowa 4 |
BOTTOM OF THE 6TH |
Iowa Cubs batting - Pitching for Las Vegas 51s : RHP Andy Reinhardt
|
Pitching: RHP Ryan Wilson
|
|
Batting: RHB Brian Gargis
|
0-0: Called Strike 0-1: Foul Ball, location: 2F 0-2: Foul Ball, location: 2F 0-2: Ball 1-2: Ball 2-2: Strikes out swinging
|
Batting: RHB Pat Barton
|
0-0: Ball 1-0: Ball 2-0: Fly out, F3 (Line Drive, 3, EV 65.6 MPH)
|
Batting: RHB Adam Kelliher
|
0-0: Called Strike 0-1: DOUBLE (Flyball, 89D, EV 108.8 MPH)
|
Batting: SHB Seung-ho Zhang
|
0-0: Foul Ball, location: 2F 0-1: SINGLE (Groundball, 4D, EV 104.4 MPH) Adam Kelliher to third Runner from 3rd tries for Home, SAFE, throw by CF to home
|
Batting: LHB Sumiki Okuhara
|
0-0: Ball Seung-ho Zhang is caught stealing 2nd base 2-6
|
Bottom of the 6th over - 1 run, 2 hits, 0 errors, 0 left on base; Las Vegas 2 - Iowa 5 |
TOP OF THE 7TH |
Las Vegas 51s batting - Pitching for Iowa Cubs : RHP Jose Ramirez
|
Batting: RHB Zhao-ying Joe
|
0-0: Foul Ball, location: 2F 0-1: Called Strike 0-2: Strikes out swinging
|
Batting: RHB Alex Vasquez
|
0-0: Ball 1-0: Ball 2-0: Foul Ball, location: 2F 2-1: Ball 3-1: Foul Ball, location: 2F 3-2: Base on Balls
|
Batting: SHB Jason Larson
|
0-0: Ball 1-0: Swinging Strike 1-1: Swinging Strike 1-2: Foul Ball, location: 2F 1-2: Ball 2-2: Ball 3-2: Foul Ball, location: 2F 3-2: Base on Balls Alex Vasquez to second
|
Batting: LHB Adam Hairston
|
0-0: Ball 1-0: Ball 2-0: Foul Ball, location: 2F 2-1: Foul Ball, location: 2F 2-2: Fielders Choice at 2nd, 3-6 (Groundball, 13, EV 79.4 MPH) Alex Vasquez to third
|
Batting: RHB Josh Jones
|
0-0: Ball Adam Hairston steals 2nd base (no throw) 1-0: Ball 2-0: Foul Ball, location: 2F 2-1: Called Strike 2-2: Foul Ball, location: 2F 2-2: Foul Ball, location: 2F 2-2: DOUBLE (Groundball, 5L, EV 102.5 MPH) Alex Vasquez scores Adam Hairston scores
|
Pitching: LHP Bill Esten
|
|
Pinch Hitting: SHB Harrison Feist
|
0-0: Foul Ball, location: 2F 0-1: Fly out, F9 (Flyball, 9, EV 91.2 MPH)
|
Top of the 7th over - 2 runs, 1 hit, 0 errors, 1 left on base; Las Vegas 4 - Iowa 5 |
BOTTOM OF THE 7TH |
Iowa Cubs batting - Pitching for Las Vegas 51s : RHP Ryan Wilson
|
Pitching: RHP Thomas Clark
|
|
Now in LF: Jason Larson
|
|
Now in CF: Devine Adams
|
|
Batting: LHB Sumiki Okuhara
|
0-0: Called Strike 0-1: Ground out 4-3 (Groundball, 4, EV 100.6 MPH)
|
Batting: LHB Mark Ingram
|
0-0: Called Strike 0-1: Foul Ball, location: 2F 0-2: Ball 1-2: Ground out 1-3 (Groundball, 13S, EV 70.6 MPH)
|
Batting: RHB Ricardo Aguinaga
|
0-0: Called Strike 0-1: Swinging Strike 0-2: Ball 1-2: Fly out, F8 (Flyball, 8RXD, EV 91.9 MPH)
|
Bottom of the 7th over - 0 runs, 0 hits, 0 errors, 0 left on base; Las Vegas 4 - Iowa 5 |
TOP OF THE 8TH |
Las Vegas 51s batting - Pitching for Iowa Cubs : LHP Bill Esten
|
Batting: RHB Ken Fitzpatrick
|
0-0: SINGLE (Groundball, 6, EV 100.0 MPH)
|
Batting: SHB Nelson Powell
|
0-0: Sac Bunt to 15S - play at first, batter OUT! 1-3 Ken Fitzpatrick to second
|
Batting: LHB Jose Chavez
|
0-0: Ground out 4-3 (Groundball, 34D, EV 108.8 MPH) Ken Fitzpatrick to third
|
Batting: RHB Zhao-ying Joe
|
0-0: Called Strike 0-1: Swinging Strike 0-2: Ground out U3 (Groundball, 3, EV 108.8 MPH)
|
Top of the 8th over - 0 runs, 1 hit, 0 errors, 1 left on base; Las Vegas 4 - Iowa 5 |
BOTTOM OF THE 8TH |
Iowa Cubs batting - Pitching for Las Vegas 51s : RHP Thomas Clark
|
Pitching: RHP Alastair Henry
|
|
Batting: SHB Gabriel Cruz
|
0-0: Ball 1-0: Foul Ball, location: 2F 1-1: Foul Ball, location: 2F 1-2: Fly out, F4 (Line Drive, 4M, EV 70.0 MPH)
|
Batting: RHB Adam O'Hare
|
0-0: Ball 1-0: Ball 2-0: Called Strike 2-1: Ball 3-1: Called Strike 3-2: Fly out, F9 (Line Drive, 9, EV 99.4 MPH)
|
Batting: RHB Brian Gargis
|
0-0: Called Strike 0-1: Foul Ball, location: 2F 0-2: Ball 1-2: Ground out 5-3 (Groundball, 56, EV 79.4 MPH)
|
Bottom of the 8th over - 0 runs, 0 hits, 0 errors, 0 left on base; Las Vegas 4 - Iowa 5 |
TOP OF THE 9TH |
Las Vegas 51s batting - Pitching for Iowa Cubs : LHP Bill Esten
|
Pitching: RHP Josh Ready
|
|
Now at 1B: Tony Mendez
|
|
Batting: RHB Alex Vasquez
|
0-0: Ground out 5-3 (Groundball, 5L, EV 96.2 MPH)
|
Batting: SHB Jason Larson
|
0-0: Ball 1-0: Called Strike 1-1: Ball 2-1: Ball 3-1: Foul Ball, location: 2F 3-2: Base on Balls
|
Batting: LHB Adam Hairston
|
0-0: Swinging Strike 0-1: Ball 1-1: Called Strike 1-2: Foul Ball, location: 2F 1-2: Fielders Choice at 2nd, 6-4 (Groundball, 6, EV 104.4 MPH)
|
Batting: RHB Josh Jones
|
0-0: Ball 1-0: Foul Ball, location: 2F 1-1: Swinging Strike 1-2: Ball 2-2: Foul Ball, location: 2F 2-2: Ground out 4-3 (Groundball, 4, EV 85.0 MPH)
|
Top of the 9th over - 0 runs, 0 hits, 0 errors, 1 left on base; Las Vegas 4 - Iowa 5 |
|